Map: Ulrena

Players

LindyHop - Winner!

  • Race: Zerg Zerg
  • League: Silver

Morzaken

  • Race: Terran Terran
  • League: Gold

VOD

Have the link to the VOD?

Description

Time

  • Played on: Dec. 3, 2015, 12:17 a.m.
  • Length: 15:44
Show
View Real Time Build Order
Export as new Build Order

LindyHop Zerg - Winner!

Build Orders: Hatch First 

Get SALT Encoding   

  12  0:01  Drone  
  13  0:11  Drone  
  14  0:37  Hatchery  
  13  0:44  Drone  
  14  0:50  Overlord  
  14  1:08  Spawning Pool  
  14  1:10  Drone  
  14  1:13  Drone  
  14  1:18  Drone  
  16  1:22  Drone  
  17  1:28  Extractor  
  16  1:44  Drone x2  
  18  1:52  Overlord  
  18  1:56  Queen  
  20  2:03  Queen  
  22  2:16  Overlord  
  22  2:21  Drone x2  
  24  2:23  Zergling x2  
  25  2:40  Metabolic Boost  
  25  2:46  Zergling x4  
  25  2:47  Zergling x4  
  29  2:54  Spine Crawler  
  28  3:08  Zergling x6  
  28  3:10  Baneling Nest  
  30  3:17  Overlord  
  30  3:29  Zergling x2  
  30  3:30  Zergling x4  
  33  3:46  Spine Crawler  
  32  3:53  Baneling x6  
  32  3:55  Baneling  
  32  3:56  Zergling x4  
  34  4:03  Zergling x4  
  29  4:39  Zergling x2  
  29  4:40  Zergling x10  
  35  4:48  Drone x2  
  36  4:58  Drone x3  
  38  5:17  Lair  
  38  5:18  Extractor x2  
  34  5:53  Hatchery  
  34  5:56  Drone x2  
  35  5:59  Drone x5  
  40  6:22  Spire  
  40  6:24  Overseer  
  39  6:41  Drone  
  39  6:42  Drone x3  
  42  7:24  Drone x3  
  42  7:25  Drone x5, Extractor  
  49  7:42  Mutalisk  
  49  7:43  Mutalisk x3  
  57  7:46  Drone  
  57  7:50  Extractor  
  57  7:51  Extractor  
  56  7:59  Spore Crawler  
  56  8:05  Overlord x3  
  55  8:35  Mutalisk  
  55  8:36  Mutalisk x5  
  67  8:49  Evolution Chamber  
  67  8:52  Zerg Flyer Weapons Level 1  
  67  8:54  Mutalisk  
  68  8:55  Drone x2  
  70  9:07  Drone x4  
  74  9:15  Zerg Ground Armor Level 1  
  74  9:22  Overlord  
  74  9:23  Overlord  
  73  9:47  Drone x3  
  73  9:48  Drone x2  
  73  9:50  Roach Warren  
  73  9:51  Mutalisk  
  73  9:52  Mutalisk  
  81  10:02  Drone x4  
  85  10:30  Roach  
  85  10:31  Roach  
  85  10:32  Overlord x3  
  89  10:46  Evolution Chamber  
  88  11:01  Mutalisk  
  88  11:02  Mutalisk x7  
  88  11:04  Zergling x2  
  103  11:07  Baneling x5  
  103  11:10  Zerg Missile Weapons Level 1  
  103  11:20  Drone x4  
  103  11:22  Centrifical Hooks  
  107  11:33  Zergling x8  
  111  11:48  Zergling x2  
  111  11:49  Zergling x2  
  113  11:54  Hatchery  
  113  11:58  Zergling x2  
  113  12:05  Zerg Flyer Armor Level 1  
  113  12:07  Zerg Ground Armor Level 2  
  113  12:10  Overlord x2  
  113  12:11  Overlord x3  
  113  12:18  Baneling  
  113  12:19  Baneling x5  
  113  12:51  Roach  
  113  12:52  Roach x4  
  113  12:53  Roach, Zergling x10  
  130  13:04  Drone x3  
  133  13:26  Zerg Melee Weapons Level 1  
  133  13:37  Infestation Pit  
  132  13:43  Hatchery  
  132  13:44  Mutalisk  
  132  13:45  Mutalisk x10  
  132  13:47  Zergling x2  
  154  13:59  Corruptor  
  154  14:00  Corruptor  
  158  14:07  Glial Reconstitution  
  158  14:09  Corruptor  
  155  14:40  Roach  
  155  14:41  Roach  
  155  14:44  Overseer x4  
  159  14:50  Overlord x2  
  159  14:51  Overlord x5  
Show
View Real Time Build Order
Export as new Build Order

Morzaken Terran 

Build Orders:  

Get SALT Encoding   

  12  0:01  SCV  
  13  0:13  SCV  
  14  0:21  Supply Depot  
  14  0:25  SCV  
  15  0:33  Refinery  
  15  0:43  Barracks  
  15  0:46  SCV  
  16  0:58  SCV  
  16  1:00  Supply Depot  
  17  1:11  SCV  
  18  1:19  Refinery  
  18  1:24  SCV  
  19  1:32  Marine  
  20  1:36  Orbital Command  
  20  1:45  Factory  
  20  1:49  Marine  
  21  2:05  SCV  
  21  2:07  Marine  
  23  2:17  Supply Depot  
  23  2:18  SCV  
  24  2:25  Marine  
  25  2:30  Starport  
  25  2:31  Factory Reactor  
  25  2:33  SCV  
  26  2:41  Barracks  
  26  2:43  Marine  
  27  2:46  SCV  
  27  2:50  Supply Depot  
  28  3:01  Marine  
  29  3:06  Engineering Bay  
  29  3:23  Medivac x2  
  29  3:25  Widow Mine  
  29  3:26  Marine  
  36  3:28  Marine  
  37  3:44  Supply Depot, Marine  
  37  3:46  Marine  
  39  4:01  Factory Tech Lab  
  39  4:02  Marine, Medivac  
  42  4:03  Marine  
  42  4:05  SCV  
  37  4:40  Marine x2  
  18  4:59  Supply Depot  
  17  5:09  SCV  
  18  5:21  SCV  
  19  5:25  Marine x2  
  21  5:29  Siege Tank  
  21  5:33  SCV  
  25  5:43  Marine x2  
  25  5:47  SCV  
  28  5:59  SCV  
  29  6:05  Viking  
  31  6:12  SCV  
  31  6:14  Barracks Tech Lab  
  32  6:24  SCV  
  33  6:33  Marauder  
  33  6:36  SCV  
  36  6:51  Marine  
  37  6:55  SCV  
  37  6:57  Marine  
  37  6:59  Combat Shields  
  39  7:07  SCV  
  40  7:16  Marauder  
  40  7:25  Widow Mine  
  40  7:29  Marine  
  43  7:33  SCV  
  43  7:36  Marine  
  45  7:45  SCV  
  46  7:55  Siege Tank  
  49  8:01  SCV  
  50  8:13  SCV  
  50  8:14  Marine x2  
  50  8:16  Medivac  
  55  8:39  Supply Depot  
  55  8:54  Missile Turret  
  55  9:01  SCV, Viking x2, Marine x2  
  62  9:20  Missile Turret  
  62  9:31  Marine  
  62  9:36  Supply Depot  
  62  9:37  Marine  
  60  9:51  Missile Turret  
  60  9:55  Hi-Sec Auto Tracking  
  60  10:02  Siege Tank  
  63  10:47  Viking x2  
  67  10:53  Command Center  
  66  11:18  Viking x2  
  70  12:11  Command Center  
  70  13:08  Missile Turret  
  70  13:09  Missile Turret  
  70  13:20  Missile Turret  
  70  13:23  SCV, Viking x2, Missile Turret  
  75  13:35  SCV  
  76  13:41  Terran Infantry Weapons Level 1  
  76  13:47  SCV  
  77  13:50  Widow Mine  
  61  14:32  Marine x2  
  61  14:36  Viking x2  
  67  14:41  SCV  
  68  14:49  Marine  
  68  14:50  Marine  
  70  14:53  SCV  
Tags
 
Matchup
TvZ
Add a new tag
Caveats
  • Supply blocks, unpowered buildings, or Contaminate may cause inaccurate times.
  • Supply counts are checked every 10 seconds.